 Dungeon Crawl Stone Soup version 0.30-b1-2-g02819fbbbe (webtiles) character file.

Game seed: 16691727379053079537

257791 Farlane the Axe Maniac (level 19, -3/183 HPs)
             Began as a Hill Orc Monk on Oct 13, 2023.
             Was an Elder of Beogh (penitent).
             Slain by Garbold the orc warlord
             ... wielding a +2 demon trident of flaming
              (7 damage)
             ... on level 3 of the Elven Halls.
             The game lasted 02:42:44 (36990 turns).

Farlane the Axe Maniac (Hill Orc Monk)             Turns: 36990, Time: 02:42:44

Health: -3/183     AC: 38    Str: 30    XL:     19   Next: 85%
Magic:  0/32       EV: 13    Int:  8    God:    Beogh [****..]
Gold:   1149       SH:  0    Dex: 11    Spells: 18/18 levels left

rFire   . . .        a - +9 executioner's axe (vamp)
rCold   + + +        (shield currently unavailable)
rNeg    + + +        i - +8 crystal plate armour
rPois   +            c - -2 hat of the Alchemist {rElec rPois rF+ rC+ rN+ Will+ rMut rCorr}
rElec   +            M - +1 cloak {rPois}
rCorr   +            l - +0 pair of gloves {Dex+3}
SInv    +            P - +1 pair of boots of Follow the Leader {+Inv rCorr}
Will    ++...        B - amulet of Labbein {Spirit rC+ rN++} Stlth
                     T - ring of Sunlight {Ice rPois rCorr Int-2 SInv}
HPRegen 0.50/turn    U - ring "Kuitiremup" {rPois rC+ EV+5 Str+8 Dex-5}
MPRegen 0.23/turn

%: resist mutation, guardian spirit
@: no status effects
A: talons 1, passive freeze
}: 2/15 runes: decaying, serpentine
a: Renounce Religion, Evoke Invisibility


You were on level 3 of the Elven Halls.
You worshipped Beogh.
Beogh was demanding penance.
You visited 6 branches of the dungeon, and saw 33 of its levels.
You also visited: Sewer, Ice Cave and Desolation.

You collected 3415 gold pieces.
You spent 2266 gold pieces at shops.

Inventory:

Hand Weapons
 a - a +9 vampiric executioner's axe (weapon)
 b - a +0 sling
 m - a +0 hand axe of flaming
 Q - the +3 great mace of the Wasteland {freeze, Dex+3}
   (You took it off a two-headed ogre on level 13 of the Dungeon)

   Dex:       It affects your dexterity (+3).
Missiles
 g - 51 poisoned darts (quivered)
 A - 18 javelins
 C - 8 curare-tipped darts
Armour
 c - the -2 hat of the Alchemist (worn) {rElec rPois rF+ rC+ rN+ Will+ rMut rCorr}
   (You bought it in a shop on level 1 of the Elven Halls)

   rF:        It protects you from fire.
   rC:        It protects you from cold.
   rElec:     It insulates you from electricity.
   rPois:     It protects you from poison.
   rN:        It protects you from negative energy.
   rCorr:     It protects you from acid and corrosion.
   rMut:      It protects you from mutation.
   Will:      It increases your willpower.
 d - an orb of light
 i - a +8 crystal plate armour (worn)
 l - a +0 pair of gloves of dexterity (worn)
 H - the +0 ice dragon scales of Vogryck {rF- rC++ Dex+2}
   (You found it in an ice cave)

   Dex:       It affects your dexterity (+2).
   rF:        It makes you vulnerable to fire.
   rC:        It greatly protects you from cold.
 M - a +1 cloak of poison resistance (worn)
 P - the +1 pair of boots of Follow the Leader (worn) {+Inv rCorr}
   (You bought it in a shop on level 2 of the Orcish Mines)

   +Inv:      It lets you turn invisible.
   rCorr:     It protects you from acid and corrosion.
 S - a scarf of harm
 W - the +0 plate armour of Recklessness {rF+ Regen+ Int+2}
   (You found it in the Desolation of Salt)

   Int:       It affects your intelligence (+2).
   rF:        It protects you from fire.
   Regen:     It increases your rate of health regeneration.
 Z - the +10 tower shield of Ignorance {rN+ Int-4}
   (You found it on level 5 of the Lair of Beasts)

   Int:       It affects your intelligence (-4).
   rN:        It protects you from negative energy.
Magical Staves
 R - the staff of fire "Ommoweis" {+Blink rF+ Dex+2}
   (You found it in the Desolation of Salt)

   [staff of fire]

   Base accuracy: +5 Base damage: 5 Base attack delay: 1.2 This weapon's minimum
   attack delay (0.6) is reached at skill level 12.
   Dex:       It affects your dexterity (+2).
   rF:        It protects you from fire.
   +Blink:    It lets you blink.
   It falls into the 'Staves' category.
   It is a one-handed weapon.
Jewellery
 e - a ring of poison resistance
 k - the amulet "Piuseono" {rN++ Will- Regen+ Str+9 Int-5}
   (You found it on level 14 of the Dungeon)

   [amulet of regeneration]

   Str:       It affects your strength (+9).
   Int:       It affects your intelligence (-5).
   rN:        It greatly protects you from negative energy.
   Regen:     It increases your rate of health regeneration.
   Will:      It decreases your willpower.
 p - an amulet of guardian spirit
 r - a ring of protection from fire
 u - the amulet of Irimpare {Regen+ Str+4 Int-3 Dex+3}
   (You acquired it on level 4 of the Lair of Beasts)

   [amulet of regeneration]

   Str:       It affects your strength (+4).
   Int:       It affects your intelligence (-3).
   Dex:       It affects your dexterity (+3).
   Regen:     It increases your rate of health regeneration.
 B - the amulet of Labbein (around neck) {Spirit rC+ rN++}
   (You found it on level 5 of the Lair of Beasts)

   [amulet of guardian spirit]

   It causes incoming damage to be divided between your reserves of health and
   magic.
   rC:        It protects you from cold.
   rN:        It greatly protects you from negative energy.
 F - an amulet of regeneration
 K - a +4 ring of protection
 N - a ring of protection from cold
 T - the ring of Sunlight (left hand) {Ice rPois rCorr Int-2 SInv}
   (You found it in the Desolation of Salt)

   [ring of ice]

   It enhances your ice magic.
   Int:       It affects your intelligence (-2).
   rF:        It makes you vulnerable to fire.
   rC:        It protects you from cold.
   rPois:     It protects you from poison.
   SInv:      It lets you see invisible.
   rCorr:     It protects you from acid and corrosion.
 U - the ring "Kuitiremup" (right hand) {rPois rC+ EV+5 Str+8 Dex-5}
   (You found it on level 1 of the Lair of Beasts)

   [ring of evasion]

   EV:        It affects your evasion (+5).
   Str:       It affects your strength (+8).
   Dex:       It affects your dexterity (-5).
   rC:        It protects you from cold.
   rPois:     It protects you from poison.
 X - the ring "Curem" {rF+ Will+ Str+6 Dex+2}
   (You found it on level 5 of the Lair of Beasts)

   [ring of strength]

   Str:       It affects your strength (+6).
   Dex:       It affects your dexterity (+2).
   rF:        It protects you from fire.
   Will:      It increases your willpower.
Wands
 j - a wand of digging (19)
Scrolls
 f - 6 scrolls of poison
 n - 16 scrolls of teleportation
 o - 3 scrolls of immolation
 s - 21 scrolls of identify
 v - a scroll of amnesia
 x - 6 scrolls of fog
 y - 9 scrolls of fear
 I - a scroll of blinking
 L - 2 scrolls of magic mapping
 V - 2 scrolls of silence
Potions
 h - 5 potions of resistance
 q - 2 potions of flight
 t - 4 potions of lignification
 w - 3 potions of ambrosia
 z - 2 potions of might
 D - 4 potions of cancellation
 E - 2 potions of magic
 G - 6 potions of attraction
 J - 7 potions of heal wounds
 O - 13 potions of curing
 Y - 4 potions of haste


   Skills:
 + Level 19.4 Fighting
 O Level 27 Axes
 + Level 3.5(15.7) Maces & Flails
 + Level 0.1(15.3) Polearms
 + Level 2.9 Ranged Weapons
 + Level 1.2 Throwing
 + Level 17.5 Armour
 - Level 2.7 Dodging
 - Level 2.9 Stealth
 * Level 5.8 Shields
 * Level 19.1 Invocations


You had 18 spell levels left.
You didn't know any spells.
Your spell library contained the following spells:

 Spells                   Type           Power      Damage    Failure   Level
 Beastly Appendage        Tmut           0%         N/A       99%         1
 Slow                     Hex            0%         N/A       99%         1
 Summon Small Mammal      Summ           0%         N/A       99%         1
 Ensorcelled Hibernation  Hex/Ice        0%         N/A       100%        2
 Static Discharge         Conj/Air       0%         2-2/arc   100%        2
 Wereblood                Tmut           0%         N/A       100%        2
 Call Canine Familiar     Summ           0%         N/A       100%        3
 Confusing Touch          Hex            0%         N/A       100%        3
 Frozen Ramparts          Ice            0%         1d1       100%        3
 Gell's Gravitas          Tloc           0%         N/A       100%        3
 Hailstorm                Conj/Ice       0%         3d3       100%        3
 Ignite Poison            Fire/Tmut/Pois 0%         N/A       100%        3
 Spider Form              Tmut/Pois      0%         N/A       100%        3
 Summon Guardian Golem    Hex/Summ       0%         N/A       100%        3
 Tukima's Dance           Hex            0%         N/A       100%        3
 Vampiric Draining        Necr           0%         2d6       100%        3
 Airstrike                Air            0%         2d(0-16)  100%        4
 Anguish                  Hex/Necr       0%         N/A       100%        4
 Animate Dead             Necr           0%         N/A       100%        4
 Flame Wave               Conj/Fire      0%         2d4       100%        4
 Olgreb's Toxic Radiance  Pois           0%         N/A       100%        4
 Passage of Golubria      Tloc           0%         N/A       100%        4
 Petrify                  Tmut/Erth      0%         N/A       100%        4
 Sticky Flame             Conj/Fire      0%         2d3       100%        4
 Summon Ice Beast         Ice/Summ       0%         N/A       100%        4
 Summon Lightning Spire   Summ/Air       0%         N/A       100%        4
 Alistair's Intoxication  Tmut/Pois      0%         N/A       100%        5
 Irradiate                Conj/Tmut      0%         3d11      100%        5
 Summon Mana Viper        Hex/Summ       0%         N/A       100%        5
 Yara's Violent Unravell  Hex/Tmut       0%         3d3       100%        5
 Eringya's Noxious Bog    Tmut/Pois      0%         N/A       100%        6
 Iron Shot                Conj/Erth      0%         9d1       100%        6
 Simulacrum               Ice/Necr       0%         N/A       100%        6
 Statue Form              Tmut/Erth      0%         N/A       100%        6
 Haunt                    Necr/Summ      0%         N/A       100%        7
 Monstrous Menagerie      Summ           0%         N/A       100%        7
 Ozocubu's Refrigeration  Ice            0%         4d7       100%        7
 Storm Form               Tmut/Air       0%         N/A       100%        7
 Discord                  Hex            0%         N/A       100%        8
 Ignition                 Fire           0%         3d3       100%        8
 Infestation              Necr           0%         N/A       100%        8
 Maxwell's Capacitive Co  Air            0%         ∞         100%        8
 Fire Storm               Conj/Fire      0%         5d1       100%        9
 Polar Vortex             Ice            0%         N/A       100%        9


Dungeon Overview and Level Annotations

Branches:
Dungeon (15/15)            Temple (0/1) D:5            Lair (5/5) D:10
  Swamp (4/4) Lair:2        Snake (4/4) Lair:2        Slime (0/5) Lair:4
    Orc (2/2) D:11            Elf (3/3) Orc:2        Vaults (0/5) D:14
 Depths (0/4) D:15          Sewer (visited)           IceCv (visited)
Desolation (visited)

Altars:
Cheibriados
Dithmenos
Elyvilon
Gozag
Hepliaklqana
Kikubaaqudgha
Qazlal
Ru
Sif Muna
Trog
Uskayaw
Vehumet
Xom
Beogh
Jiyva

Shops:
D:14 !   Orc:1 (   Orc:2 =**=(   Elf:1 *[[!=   Elf:2 (?   Elf:3 (   Snake:1 !*?
Snake:4 (

Annotations:
D:6 Pikel
Swamp:3 2 transporters


Innate Abilities, Weirdness & Mutations

You have sharp toenails.
A frigid envelope surrounds you and freezes all who hurt you.


Message History

You are no longer poisoned.
Flame seeps out of Spirok.
The deep elf annihilator is engulfed in blazing flames.
Flame seeps out of the deep elf annihilator.
Spirok is engulfed in blazing flames.
Flame seeps out of Spirok.
Spirok unwields a +2 triple crossbow.
Spirok wields a +7 glaive.
Spirok closely misses the deep elf annihilator.
Flame seeps out of Spirok.
Borgoth barely misses the deep elf annihilator.
The deep elf annihilator hits Spirok with a +0 rapier!
Flame seeps out of Spirok.
Garbold hits the deep elf annihilator from afar with a +2 demon trident of flaming!!!
Garbold burns the deep elf annihilator.
Beogh accepts your kill.
The deep elf annihilator explodes!
You feel very guilty. "You will pay for your transgression, mortal!"
The fiery explosion engulfs Borgoth!!
The fiery explosion engulfs Spirok.
The fiery explosion engulfs the deep elf high priest!
Flame seeps out of the deep elf high priest.
The deep elf high priest is moderately wounded.
Spirok the orc warlord explodes!
The fiery explosion engulfs Boldo!!!
Flame seeps out of Boldo.
Boldo is moderately wounded.
Boldo shouts!
The fiery explosion engulfs Garbold!!!
Flame seeps out of Garbold.
Garbold is moderately wounded.
Borgoth the orc warlord explodes!
The fiery explosion engulfs Boldo!!
Flame seeps out of Boldo.
Boldo is heavily wounded.
The fiery explosion engulfs Garbold!!
Flame seeps out of Garbold.
Garbold is heavily wounded.
Boldo is engulfed in blazing flames.
Flame seeps out of Boldo.
Boldo unwields a +4 war axe.
Boldo wields a +0 arbalest.
Boldo shoots a bolt.
The bolt hits you!
* * * LOW HITPOINT WARNING * * *
Garbold is engulfed in blazing flames.
Flame seeps out of Garbold.
Garbold hits you from afar with a +2 demon trident of flaming!
You die...
Beogh appreciates Garbold's killing of a heretic priest.

....'###....~≈#..#...# .....#
#....~≈#..#...#.. # .....#
#....~≈#..#...#.. .## .....#
#....~≈#§§e...#e° ...# .../.#
#....≈≈#§§#...#○##.... .....#
#....~≈#§)#.e.#○e..... ....##
#....≈≈#oo#.))#......# ...##
#....≈≈#..##'##e....# ####
#....~≈#.@#..E○)E☼.##
##....~≈#.[#)).ee......
#.....~≈#))+ee)#..#####
#.#...≈≈≈#'###)......+
#####.##...~≈##)[o##e.....#
#...'###..~~##..)..##.....#
......##..~≈#.......#####+######+
......##).~≈#.......+............
......'...≈≈#..[....#)...........


You could see Boldo the orc warlord (inner flame, strong), Garbold the orc
warlord (inner flame, strong) and a deep elf high priest (inner flame).

Vanquished Creatures
  the Lernaean hydra (Swamp:4)
  Bai Suzhen (Snake:3)
  A deep elf master archer (Elf:3)
  Asterion (Snake:2)
  A fenstrider witch (Swamp:3)
  2 azure jellies (IceCv)
  Roxanne (Snake:2)
  Aizul (Elf:2)
  A rockslime (IceCv)
  3 orc warlords (Elf:3)
  4 deep elf sorcerers (Elf:3)
  The ghost of esper6 the Thaumaturge, a journeyman GnNe of Cheibriados (Swamp:1)
  3 imperial myrmidons (Desolation)
  A deep elf elementalist (Elf:3)
  2 deep elf demonologists (Elf:3)
  4 quicksilver oozes (IceCv)
  A halazid warlock (Desolation)
  3 deep elf annihilators
  4 bunyips
  A dire elephant (Lair:5)
  3 deep elf death magi (Elf:3)
  2 crystal guardians (Desolation)
  7 ragged hierophants (Desolation)
  7 hydras
  3 salamander tyrants (Snake:4)
  8 peacekeepers (Desolation)
  3 ogre magi
  4 servants of whispers (Desolation)
  A ghost crab (Swamp:4)
  A spriggan air mage (Swamp:4)
  2 centaur warriors
  An ice dragon (Swamp:1)
  2 anacondas
  16 dancing weapons
  2 boulder beetles
  7 alligators
  6 naga warriors
  6 two-headed ogres
  A vampire mage (D:15)
  3 naga sharpshooters
  8 death yaks
  Urug (Lair:4)
  11 deep elf knights
  2 shock serpents
  2 skeletal warriors (D:15)
  A spectral death yak (Lair:5)
  A fire crab (Lair:5)
  2 goliath frogs
  A skyshark (Lair:2)
  5 swamp dragons
  6 sea snakes (Snake:3)
  A spectral anaconda (Lair:5)
  2 spriggan druids (Swamp:3)
  An ironbound convoker (Desolation)
  3 orange crystal statues (IceCv)
  5 deep elf archers
  4 naga ritualists
  2 bog bodies
  An obsidian statue (Lair:5)
  3 ugly things (D:14)
  23 deep elf pyromancers
  15 deep elf zephyrmancers
  A frost giant zombie (D:15)
  4 mana vipers
  2 necromancers (Lair:5)
  A stone giant zombie (D:15)
  2 cyclopes
  A manticore (D:15)
  A will-o-the-wisp (Swamp:1)
  5 salamanders
  A moth of wrath (D:3)
  28 black mambas
  A fire giant skeleton (D:15)
  7 guardian serpents
  6 naga magi
  Maurice (D:9)
  A molten gargoyle (Desolation)
  6 elephants
  2 gargoyles
  A komodo dragon (Lair:5)
  A torpor snail (Lair:5)
  A rime drake (Lair:5)
  3 kobold demonologists
  9 cane toads
  2 tengu conjurers (D:15)
  2 trolls
  A bloated husk (Swamp:1)
  2 tyrant leeches (Swamp:1)
  A spectral elephant (Lair:5)
  4 dream sheep
  8 hornets
  44 saltlings (Desolation)
  Grinder (D:3)
  Sigmund (D:2)
  A shadow (D:9)
  20 slime creatures
  7 spriggans
  A wraith (D:12)
  16 yaks
  3 hogs (Lair:5)
  4 fire elementals
  A water elemental (Elf:3)
  A basilisk (D:14)
  2 steam dragons (D:9)
  A death yak simulacrum (Lair:5)
  22 nagas
  4 wargs
  2 spectral cane toads (Lair:5)
  2 vampire mosquitoes
  2 acid dragons
  4 water moccasins
  12 swamp worms
  A human skeleton (D:15)
  4 swamp drakes (Swamp:4)
  2 ice beasts
  An orc warrior (Orc:2)
  12 ogres
  2 great orb of eyes simulacra (IceCv)
  4 slime creature simulacra (IceCv)
  10 wolves
  3 centaurs
  2 elephant skeletons (Lair:5)
  3 kobold brigands
  2 lemures
  A gnoll sergeant (D:8)
  10 bullfrogs
  A scorpion (D:4)
  An earth elemental (Elf:1)
  2 glowing shapeshifter simulacra (IceCv)
  3 wights (D:7)
  13 killer bees
  An elephant simulacrum (Lair:5)
  2 howler monkeys
  4 jellies
  2 hounds
  4 orc priests
  Crazy Yiuf (D:7)
  A gnoll bouda (Orc:2)
  2 iguanas (D:5)
  4 hell rats (Lair:2)
  2 sleepcaps
  5 orc wizards
  13 gnolls
  9 adders
  A gnoll zombie (D:4)
  A river rat (D:6)
  A shadow imp (D:4)
  A white imp (D:7)
  An ufetubus (D:6)
  7 worms
  3 dart slugs
  15 orcs
  9 ball pythons
  6 endoplasms
  4 giant cockroaches
  6 goblins
  7 hobgoblins
  9 jackals
  4 quokkas
  4 bats
  7 frilled lizards
  17 kobolds
  18 rats
  A bush (D:13)
  3 pillars of salt
  3 plants (Elf:3)
733 creatures vanquished.

Vanquished Creatures (collateral kills)
  Mlioglotl (Snake:1)
  A deep elf blademaster (Elf:2)
  Kirke (Lair:5)
  Agnes (D:14)
  3 nagarajas (Snake:4)
  An azure jelly (IceCv)
  3 deep elf sorcerers (Elf:3)
  A deep elf elementalist (Elf:3)
  2 deep elf annihilators (Elf:3)
  The ghost of Manslay the Destroyer, a journeyman OpCj of Sif Muna (Lair:5)
  5 eleionomae
  3 dire elephants (Lair:5)
  A bunyip (Swamp:1)
  The ghost of Oluanan the Fighter, a journeyman DsFi of Hepliaklqana (Lair:3)
  A minotaur (Lair:3)
  The ghost of diceflayer the Severer, a journeyman DsFi of Okawaru (D:13)
  2 deep elf death magi (Elf:3)
  A shambling mangrove (Swamp:4)
  2 salamander tyrants
  2 ogre magi (Orc:2)
  5 hydras
  A centaur warrior (D:13)
  19 two-headed ogres
  4 anacondas
  13 dancing weapons
  2 alligators
  5 death yaks
  9 naga warriors
  2 naga sharpshooters
  7 deep elf knights
  A shock serpent (Snake:1)
  3 skeletal warriors (D:15)
  6 sea snakes (Snake:3)
  2 spriggan druids (Swamp:4)
  A bog body (Swamp:1)
  4 naga ritualists
  11 swamp dragons
  5 deep elf archers
  A wizard (D:14)
  16 deep elf pyromancers
  3 necromancers
  13 deep elf zephyrmancers
  An oklob plant (Lair:3)
  An ugly thing (D:14)
  4 mana vipers
  4 will-o-the-wisps
  A manticore (D:13)
  6 cyclopes
  6 salamanders
  16 elephants
  12 black mambas
  11 naga magi
  Maggie (D:8)
  11 cane toads
  A torpor snail (Lair:5)
  6 komodo dragons
  2 tengu conjurers (D:12)
  3 rime drakes
  A meliai (shapeshifter) (D:13)
  3 trolls
  2 polar bears (Lair:4)
  2 tyrant leeches
  6 hornets
  6 blink frogs (Lair:4)
  7 dream sheep
  7 slime creatures
  A snapping turtle (shapeshifter) (Elf:2)
  A shadow (D:10)
  3 wraiths
  2 air elementals
  39 yaks
  2 fire elementals (Elf:1)
  9 spriggans
  4 hogs (Lair:5)
  5 wyverns
  A water elemental (Elf:1)
  2 basilisks
  5 vampire mosquitoes
  3 swamp worms
  27 nagas
  3 acid dragons
  3 water moccasins
  A swamp drake (Swamp:4)
  9 ogres
  3 orc warriors
  7 wolves
  A lemure (D:7)
  A kobold brigand (D:8)
  An earth elemental (Elf:1)
  3 bullfrogs
  2 killer bees (D:8)
  2 howler monkeys
  An electric eel (Elf:3)
  3 jellies
  5 orc priests
  An iguana (D:10)
  5 orc wizards
  A hell rat (Lair:2)
  An adder (D:5)
  An orc zombie (D:4)
  A dart slug (D:4)
  19 orcs
  A ball python (D:4)
  3 endoplasms
  2 goblins
  A kobold (D:8)
  3 bushes
  A pillar of salt (Elf:2)
  4 plants
  2 withered plants (Lair:5)
482 creatures vanquished.

Vanquished Creatures (others)
  An orc warlord (Elf:3)
  A deep elf elementalist (Elf:3)
  An orc high priest (D:15)
  2 orc sorcerers
  3 orc knights
  A deep elf pyromancer (Elf:1)
  4 bloated husks (Swamp:1)
  10 orc warriors
  2 vampire mosquitoes (Swamp:1)
  A naga (Snake:4)
  A swamp drake (Swamp:4)
  An ogre (Orc:2)
  7 orc priests
  10 orc wizards
  25 orcs
  A bush (D:13)
  2 demonic plants (D:2)
  9 foxfires
  47 fungi
  3 pillars of salt (Elf:2)
  95 plants
  43 withered plants
270 creatures vanquished.

Grand Total: 1485 creatures vanquished

Notes
Turn   | Place    | Note
-------+----------+-------------------------------------------
     0 | D:1      | Farlane the Hill Orc Monk began the quest for the Orb.
     0 | D:1      | Reached XP level 1. HP: 19/19 MP: 1/1
    65 | D:1      | Reached XP level 2. HP: 27/27 MP: 2/2
   363 | D:1      | Reached XP level 3. HP: 33/33 MP: 3/3
   554 | D:1      | Reached skill level 1 in Armour
   860 | D:1      | Reached skill level 5 in Axes
   998 | D:2      | Reached XP level 4. HP: 40/40 MP: 4/4
  1028 | D:2      | Became a worshipper of Beogh the Brigand
  1028 | D:2      | Reached * piety under Beogh
  1028 | D:2      | Reached ** piety under Beogh
  1103 | D:2      | Noticed Sigmund
  1366 | D:2      | Killed Sigmund
  1367 | D:2      | Reached skill level 6 in Axes
  1367 | D:2      | Reached XP level 5. HP: 40/47 MP: 1/6
  1367 | D:2      | Reached XP level 6. HP: 45/53 MP: 1/7
  1788 | D:2      | Found a faded altar of an unknown god.
  1821 | D:3      | Noticed Grinder
  1974 | D:3      | Found an ancient bone altar of Kikubaaqudgha.
  1990 | D:3      | Found a shimmering blue altar of Sif Muna.
  1992 | D:3      | Found a radiant altar of Vehumet.
  1997 | D:3      | Got Sif Muna's Book of the Legion
  2096 | D:3      | Killed Grinder
  2097 | D:3      | Reached skill level 7 in Axes
  2097 | D:3      | Reached XP level 7. HP: 46/60 MP: 4/9
  2206 | D:3      | Noticed a moth of wrath
  2210 | D:3      | Killed a moth of wrath
  2211 | D:3      | Reached skill level 8 in Axes
  2211 | D:3      | Reached skill level 1 in Ranged Weapons
  2234 | D:3      | Found a bloodstained altar of Trog.
  2490 | D:3      | Found a shimmering altar of Xom.
  2494 | D:3      | Reached skill level 5 in Fighting
  2606 | D:4      | You fall into a shaft and drop 2 floors!
  2658 | D:6      | Reached XP level 8. HP: 59/68 MP: 11/11
  2883 | D:6      | Found a glowing drain.
  2891 | Sewer    | Entered a sewer
  3664 | D:6      | Reached skill level 9 in Axes
  4128 | D:7      | Reached skill level 5 in Armour
  4163 | D:7      | Reached skill level 5 in Invocations
  4356 | D:7      | Found a runed translucent door.
  4357 | D:7      | Noticed Crazy Yiuf
  4392 | D:7      | Noticed Pikel
  4400 | D:7      | Noticed a hornet
  4520 | D:6      | Killed a hornet
  4549 | D:5      | Entered Level 5 of the Dungeon
  4577 | D:5      | Reached *** piety under Beogh
  4590 | D:5      | Reached XP level 9. HP: 11/75 MP: 9/13
  4596 | D:5      | Reached skill level 10 in Axes
  4909 | D:5      | Gained mutation: You have sharp toenails. [potion of
                  | mutation]
  4909 | D:5      | Gained mutation: A frigid envelope surrounds you and
                  | freezes all who hurt you. [potion of mutation]
  5288 | D:4      | Found a transporter.
  5306 | D:4      | Found a hide-covered altar of Uskayaw.
  5360 | D:4      | Reached skill level 1 in Throwing
  5420 | D:4      | Found a transporter.
  5487 | D:4      | Found a sacrificial altar of Ru.
  5948 | D:5      | Gained Bogdan as an ally
  5985 | D:5      | Found a staircase to the Ecumenical Temple.
  6901 | D:7      | Reached skill level 11 in Axes
  7239 | D:7      | Killed Crazy Yiuf
  7440 | D:8      | Reached **** piety under Beogh
  7441 | D:8      | Reached XP level 10. HP: 74/86 MP: 15/15
  7713 | D:8      | Found a snail-covered altar of Cheibriados.
  7714 | D:8      | Found a stormy altar of Qazlal.
  8022 | D:8      | Noticed Maggie
  8029 | D:8      | Killed Maggie
  8030 | D:8      | Reached skill level 12 in Axes
  8345 | D:9      | Found a hazy altar of Hepliaklqana.
  8524 | D:9      | Noticed Maurice
  8543 | D:9      | Killed Maurice
  8639 | D:9      | Reached skill level 13 in Axes
  8959 | D:9      | Found a shadowy altar of Dithmenos.
  9045 | D:10     | Entered Level 10 of the Dungeon
  9098 | D:10     | Found a viscous altar of Jiyva.
  9100 | D:10     | Noticed a two-headed ogre
  9104 | D:10     | Reached ***** piety under Beogh
  9107 | D:10     | Reached XP level 11. HP: 82/94 MP: 17/17
  9109 | D:10     | Killed a two-headed ogre
  9216 | D:10     | Gained Borgoth as an ally
  9220 | D:10     | Reached skill level 1 in Stealth
  9333 | D:10     | Found a staircase to the Lair.
  9381 | D:10     | Gained Arbolt as an ally
  9388 | D:10     | Your ally Arbolt died
  9395 | D:10     | Reached skill level 14 in Axes
 10194 | D:11     | Found a staircase to the Orcish Mines.
 10373 | Lair:1   | Entered Level 1 of the Lair of Beasts
 10386 | Lair:1   | Reached skill level 10 in Invocations
 10560 | D:11     | Reached skill level 10 in Armour
 10876 | D:12     | Noticed a cyclops
 10876 | D:12     | Noticed a cyclops
 10877 | D:12     | Noticed a cyclops
 10880 | D:12     | Killed a cyclops
 10882 | D:12     | Killed a cyclops
 10882 | D:12     | Killed a cyclops
 10943 | Orc:1    | Entered Level 1 of the Orcish Mines
 10994 | Orc:1    | You fall into a shaft and drop 1 floor!
 10994 | Orc:2    | Entered Level 2 of the Orcish Mines
 10994 | Orc:2    | Found a staircase to the Elven Halls.
 11080 | Orc:1    | Found Bimnees's Weapon Shop.
 11430 | Lair:1   | Reached skill level 15 in Axes
 11550 | Lair:1   | Reached XP level 12. HP: 91/105 MP: 20/20
 11554 | Lair:1   | Reached ****** piety under Beogh
 11691 | Lair:1   | Identified the ring "Kuitiremup" {rPois rC+ EV+5 Str+8
                  | Dex-5}
 12474 | Lair:2   | Found a staircase to the Snake Pit.
 12545 | Lair:2   | Your ally Bogdan died
 12690 | Lair:2   | Found a staircase to the Swamp.
 12730 | Lair:2   | Noticed a skyshark
 12736 | Lair:2   | Killed a skyshark
 13516 | Lair:3   | Identified the +2 rapier of Xifuthel {heavy, rPois Stlth+}
 13556 | Lair:3   | Found a runed translucent gate.
 13556 | Lair:3   | Found a runed translucent gate.
 13557 | Lair:3   | Found a runed translucent gate.
 13581 | Lair:3   | Noticed Oluanan's ghost (journeyman DsFi)
 13581 | Lair:3   | Noticed a minotaur
 13592 | Lair:3   | Reached skill level 10 in Fighting
 13593 | Lair:3   | Killed Oluanan's ghost
 13596 | Lair:3   | Killed a minotaur
 13596 | Lair:3   | Gained Spirok as an ally
 13689 | Lair:3   | Identified a scroll of acquirement
 13692 | Lair:3   | Acquired a +4 vampiric executioner's axe
 14108 | Lair:3   | Reached skill level 16 in Axes
 14364 | Lair:4   | Noticed a death yak
 14364 | Lair:4   | Noticed a death yak
 14370 | Lair:4   | Killed a death yak
 14370 | Lair:4   | Noticed a death yak
 14371 | Lair:4   | Noticed Urug
 14371 | Lair:4   | Killed a death yak
 14376 | Lair:4   | Noticed a death yak
 14378 | Lair:4   | Killed a death yak
 14382 | Lair:4   | Killed Urug
 14383 | Lair:4   | Reached XP level 13. HP: 32/115 MP: 20/22
 14390 | Lair:4   | Reached skill level 17 in Axes
 14404 | Lair:4   | Gained Herok as an ally
 14779 | Lair:4   | Acquired the amulet of Irimpare {Regen+ Str+4 Int-3 Dex+3}
 14890 | Lair:4   | Found a staircase to the Slime Pits.
 14891 | Lair:4   | Found a viscous altar of Jiyva.
 15284 | Lair:5   | Entered Level 5 of the Lair of Beasts
 15297 | Lair:5   | Gained Boldo as an ally
 15310 | Lair:5   | Noticed Kirke
 15319 | Lair:5   | Killed Kirke
 15416 | Lair:5   | Reached skill level 18 in Axes
 15639 | Lair:5   | Reached skill level 19 in Axes
 15946 | Lair:5   | Found a runed translucent door.
 15949 | Lair:5   | Noticed Manslay's ghost (journeyman OpCj)
 15961 | Lair:5   | Reached XP level 14. HP: 124/124 MP: 24/24
 15961 | Lair:5   | Killed Manslay's ghost
 15964 | Lair:5   | Identified the ring "Curem" {rF+ Will+ Str+6 Dex+2}
 16104 | Lair:5   | Noticed a dire elephant
 16104 | Lair:5   | Noticed a dire elephant
 16104 | Lair:5   | Noticed a dire elephant
 16106 | Lair:5   | Noticed a dire elephant
 16114 | Lair:5   | Found the +10 tower shield of Ignorance {rN+ Int-4}
 16195 | Lair:5   | Reached skill level 20 in Axes
 16354 | Lair:5   | Killed a dire elephant
 16361 | Lair:5   | Killed a dire elephant
 16364 | Lair:5   | Killed a dire elephant
 16365 | Lair:5   | Killed a dire elephant
 16365 | Lair:5   | Gained Garbold as an ally
 16452 | Lair:5   | Identified the amulet of Labbein {Spirit rC+ rN++}
 17179 | Orc:2    | Found a roughly hewn altar of Beogh.
 17272 | Orc:2    | Reached skill level 21 in Axes
 17275 | Orc:2    | Found Lomok's General Store.
 17275 | Orc:2    | Found Synteug's Jewellery Shoppe.
 17279 | Orc:2    | Found Doeb's Jewellery Emporium.
 17279 | Orc:2    | Found Foicirhe's Assorted Antiques.
 17303 | Orc:2    | Found Jyxkalumm's Antique Weapon Shoppe.
 18361 | D:13     | Found a white marble altar of Elyvilon.
 18371 | D:13     | Reached XP level 15. HP: 128/134 MP: 25/25
 18385 | D:13     | Found a transporter.
 18673 | Orc:2    | Bought a pair of ichor-stained boots for 256 gold pieces
 18673 | Orc:2    | Identified the +1 pair of boots of Follow the Leader {+Inv
                  | rCorr} (You bought it in a shop on level 2 of the Orcish
                  | Mines)
 18758 | D:13     | Reached skill level 22 in Axes
 19116 | D:13     | Found a transporter.
 19117 | D:13     | Noticed diceflayer's ghost (journeyman DsFi)
 19118 | D:13     | Identified the +3 great mace of the Wasteland {freeze,
                  | Dex+3}
 19118 | D:13     | Identified the +6 dire flail of Winter {pain, rElec Will+}
 19223 | D:13     | Your ally Boldo died
 19224 | D:13     | Killed diceflayer's ghost
 19458 | D:14     | Identified the amulet "Piuseono" {rN++ Will- Regen+ Str+9
                  | Int-5}
 19561 | D:14     | Found Wout's Distillery.
 20031 | D:14     | Found a gate to the Vaults.
 20548 | D:15     | Entered Level 15 of the Dungeon
 20548 | D:15     | Noticed Agnes
 20554 | D:14     | Killed Agnes
 20722 | D:15     | Your ally Herok died
 20850 | D:15     | Found an opulent altar of Gozag.
 20897 | D:15     | Found a staircase to the Depths.
 20905 | D:15     | Reached skill level 1 in Maces & Flails
 20912 | D:15     | Reached skill level 23 in Axes
 20915 | D:15     | Reached skill level 15 in Invocations
 21693 | Elf:1    | Entered Level 1 of the Elven Halls
 21719 | Elf:1    | Found Yskit's Distillery.
 22208 | Elf:1    | Identified the +4 short sword of Ygi Kat {pain, rC+ MP-9
                  | SInv}
 22277 | Elf:1    | Paralysed by an air elemental for 1 turns
 22398 | Elf:1    | Found Ockynan's Armour Shoppe.
 22398 | Elf:1    | Found Onacane's Assorted Antiques.
 22499 | Elf:1    | Found Leiluf's Antique Armour Boutique.
 22528 | Elf:1    | Reached XP level 16. HP: 130/144 MP: 24/27
 22812 | Elf:1    | Reached skill level 24 in Axes
 23118 | Elf:1    | Found Caisio's Jewellery Boutique.
 23494 | Elf:2    | Found Vystren's Magic Scroll Shop.
 23623 | Elf:2    | Paralysed by an air elemental for 1 turns
 23626 | Elf:2    | Paralysed by an air elemental for 1 turns
 23790 | Elf:2    | Noticed Aizul
 23797 | Elf:2    | Killed Aizul
 23920 | Elf:2    | Found Aphem's Weapon Shoppe.
 24094 | Elf:2    | Found a crumbling gateway.
 24117 | Desolati | Entered the Desolation of Salt
 24138 | Desolati | Reached skill level 25 in Axes
 24425 | Desolati | Identified the +0 plate armour of Recklessness {rF+ Regen+
                  | Int+2}
 24624 | Desolati | Reached skill level 15 in Fighting
 24630 | Desolati | Identified the +3 robe of Trial and Error {Will++}
 24663 | Desolati | Identified the ring of Sunlight {Ice rPois rCorr Int-2
                  | SInv}
 24670 | Desolati | Identified the staff of fire "Ommoweis" {+Blink rF+ Dex+2}
 24697 | Desolati | Got the Annotations on Solid Algor
 24735 | Desolati | Reached XP level 17. HP: 156/156 MP: 27/29
 24805 | Desolati | HP: 10/234 [ragged hierophant/a resonance strike (2)]
 25231 | Desolati | Got the Anthology of the Bonfire and the Dose
 25248 | Desolati | Got the Anthology of the Blaze and Amathomancy
 25267 | Desolati | Got the Directory of the Traveller and the Assassin
 25565 | Elf:2    | Found a runed translucent gate.
 25566 | Elf:2    | Found a runed translucent gate.
 25566 | Elf:2    | Found a runed translucent gate.
 25745 | Elf:2    | Gained Okrist as an ally
 25785 | Elf:2    | Reached skill level 26 in Axes
 25976 | Elf:2    | Noticed a deep elf blademaster
 25980 | Elf:2    | Killed a deep elf blademaster
 26412 | Swamp:1  | Entered Level 1 of the Swamp
 26625 | Swamp:1  | Found a frozen archway.
 26657 | IceCv    | Entered an ice cave
 26911 | IceCv    | Gained Syrus as an ally
 26936 | IceCv    | Gained Wargath as an ally
 26963 | IceCv    | Found a viscous altar of Jiyva.
 26970 | IceCv    | Gained Spirok as an ally
 26975 | IceCv    | Your ally Spirok died
 26995 | IceCv    | Got the Handbook of the Crevasse
 26996 | IceCv    | Identified the +0 ice dragon scales of Vogryck {rF- rC++
                  | Dex+2}
 27530 | Swamp:1  | Noticed esper6's ghost (journeyman GnNe)
 27532 | Swamp:1  | Found a runed translucent door.
 27553 | Swamp:1  | Killed esper6's ghost
 27806 | Swamp:1  | Reached XP level 18. HP: 75/168 MP: 10/30
 28205 | Swamp:2  | Reached skill level 15 in Armour
 28621 | Swamp:3  | Paralysed by a fenstrider witch for 3 turns
 28630 | Swamp:3  | Your ally Wargath died
 28743 | Swamp:3  | Reached skill level 27 in Axes
 28858 | Swamp:3  | Found a transporter.
 28922 | Swamp:3  | Found a transporter.
 29173 | Swamp:4  | Entered Level 4 of the Swamp
 29228 | Swamp:4  | Your ally Syrus died
 29500 | Swamp:4  | Noticed the 27-headed Lernaean hydra
 29757 | Elf:2    | Bought a scroll of brand weapon for 104 gold pieces
 30073 | Orc:1    | Bought a +0 hand axe of flaming for 125 gold pieces
 30466 | Swamp:4  | Killed the 27-headed Lernaean hydra
 30467 | Swamp:4  | Reached skill level 1 in Shields
 30653 | Swamp:4  | Got a decaying rune of Zot
 31046 | Snake:1  | Entered Level 1 of the Snake Pit
 31420 | Snake:1  | Noticed Mlioglotl
 31423 | Snake:1  | Killed Mlioglotl
 31590 | Snake:1  | Found Worodwiesi's Magic Scroll Boutique.
 31590 | Snake:1  | Found Tewugadd's Assorted Antiques.
 31617 | Snake:1  | Found Ujazeris's Distillery.
 31984 | Snake:2  | Identified Roxanne's Encyclopedia of Reformation
 31984 | Snake:2  | Noticed Roxanne
 32162 | Snake:2  | Killed Roxanne
 32187 | Snake:2  | Noticed Asterion
 32196 | Snake:2  | Killed Asterion
 32294 | Snake:2  | Found a sacrificial altar of Ru.
 32879 | Snake:2  | Reached XP level 19. HP: 178/179 MP: 30/32
 33751 | Snake:3  | Noticed Bai Suzhen
 33758 | Snake:3  | Killed Bai Suzhen
 34430 | Snake:4  | Entered Level 4 of the Snake Pit
 34825 | Snake:4  | Got a serpentine rune of Zot
 35255 | Snake:4  | Found a shimmering altar of Xom.
 35283 | Snake:4  | Reached skill level 5 in Shields
 35459 | Snake:4  | Found Hidgh's Weapon Shop.
 35836 | Elf:1    | Bought the -2 hat of the Alchemist {rElec rPois rF+ rC+ rN+
                  | Will+ rMut rCorr} for 1699 gold pieces
 35836 | Elf:1    | Found the -2 hat of the Alchemist {rElec rPois rF+ rC+ rN+
                  | Will+ rMut rCorr}
 35896 | Elf:2    | Bought a scroll of enchant weapon for 82 gold pieces
 35906 | Elf:3    | Entered Level 3 of the Elven Halls
 35982 | Elf:3    | Found Vuluodgh's Antique Weapon Emporium.
 36347 | Elf:3    | Identified the ring "Urass" {rPois Str+5}
 36907 | Elf:3    | Your ally Borgoth died
 36972 | Elf:3    | Noticed a Hell Sentinel
 36972 | Elf:3    | Was placed under penance by Beogh
 36986 | Elf:3    | HP: 9/183 [poisoned by a deep elf annihilator (poison
                  | arrow)]
 36989 | Elf:3    | Your ally Borgoth died
 36989 | Elf:3    | Your ally Spirok died
 36990 | Elf:3    | HP: 4/183 [Boldo/bolt (5)]
 36990 | Elf:3    | Slain by Garbold the orc warlord

Illustrated notes

Levels and vault maps discovered:
D:1:      dpeg_arrival_ratfight, layout_loops_ring
D:2:      layout_basic, dreamdust_ecumenical_altar_sealed_demon, uniq_sigmund
D:3:      layout_rooms, grunt_temple_overflow_magic_moments, tgw_trog, tgw_xom,
          uniq_grinder
D:4:      gammafunk_cloud_chamber, layout_cave_pools,
          mainiacjoe_overflow_small_starburst,
          mainiacjoe_overflow_concentric_impassable, minivault_11,
          kennysheep_big_empty_room
D:5:      layout_rooms, minmay_temple_entry_tees
D:6:      layout_basic, cheibrodos_sewer_entry_sluice
D:7:      layout_loops_corners, uniq_pikel, uniq_crazy_yiuf_cottage
D:8:      layout_basic, mainiacjoe_overflow_divided_tiny, uniq_maggie
D:9:      layout_basic, mainiacjoe_overflow_tiny_flanked, lemuel_crystal_altar,
          uniq_maurice
D:10:     layout_irregular_city, minmay_lair_entry_grove, jiyva_altar_1
D:11:     layout_cave_pods, erik_orc_4
D:12:     layout_loops_ring, kennysheep_generic_room_5
D:13:     layout_basic, gammafunk_ghost_smash, elyvilon_altar_1
D:14:     layout_layer_cave, erik_vaults_1, fountainhead, serial_shops,
          shop_fountains
D:15:     gammafunk_depths_entry_grave, layout_stronghold,
          grunt_gozag_breadcrumbs, uniq_agnes
Lair:1:   layout_layer_cave, eino_small_chamber_without_monster
Lair:2:   layout_hall_layers, swamp_mist_pool, guppyfry_snake_entry_island
Lair:3:   layout_cave_shapes, maelrawn_ghost_gauntlet_escape,
          dpeg_stationary_puzzle
Lair:4:   layout_regular_city, nicolae_slime_entry_slimehenge,
          hangedman_lair_unloving_vines, beast_lair_carwin_5, uniq_urug
Lair:5:   due_jungle_book, layout_regular_city, ebering_ghost_inner_flame,
          uniq_kirke
Swamp:1:  layout_basic_swamp, portal_ice_cave_entry_dragon,
          hellmonk_ghost_happy_afterlife, evilmike_swamp_ruin_house_4,
          swamp_pool3, nicolae_swamp_super_fun_site
Swamp:2:  layout_basic_swamp, nicolae_swamp_tree_isthmus
Swamp:3:  gammafunk_worm_tunnel, layout_basic_swamp,
          evilmike_swamp_ruin_house_1, swamp_pool2, infiniplex_staircase_pool_2
Swamp:4:  swamp_old_school, layout_basic_swamp, swamp_pool4,
          evilmike_swamp_ruin_house_2
Snake:1:  layout_gridlike, nicolae_snake_squiggles, serial_bayou_shore_b,
          minmay_shop_star, uniq_mlioglotl
Snake:2:  layout_basic, basic_altar, uniq_asterion, uniq_roxanne
Snake:3:  layout_basic, serial_bayou_lake_a, grunt_megastairs_3, uniq_bai_suzhen
Snake:4:  minmay_snake_end_coiled, layout_basic, serial_shops, shop, basic_altar
Orc:1:    layout_diamond_mine, serial_shops, shop
Orc:2:    st_orc_ogre_mass, layout_caves, serial_shops, shop,
          nicolae_orc_lost_temple
Elf:1:    layout_gridlike, serial_shops, nicolae_shop_industrial_runoff, shop,
          nicolae_take_the_stairs, nicolae_shop_pleasant_corner_grove, shop,
          hangedman_elven_crosses_minicolossus, minivault_25_ag
Elf:2:    nicolae_elf_blades_crystal_corner, layout_geoelf_octagon,
          portal_desolation_entry_garden, serial_shops, nicolae_shop_scrapyard,
          shop, uniq_aizul
Elf:3:    minmay_elf_hall_statues, layout_geoelf_castle, serial_shops, shop

Skill      XL: |  1  2  3  4  5  6  7  8  9 10 11 12 13 14 15 16 17 18 19 |
---------------+----------------------------------------------------------+-----
Fighting       | 4 5 6 7 8 9 10 11 12 13 15 16 18 19 | 19.4
Armour         | 1 2 3 4 5 7 9 10 11 12 13 14 16 17 | 17.5
Axes           | 5 6 7 8 9 11 13 15 16 19 21 23 25 26 27 | 27.0
Invocations    | 2 3 4 5 7 9 10 12 13 14 15 16 17 18 19 | 19.1
Ranged Weapons | 1 2 |  2.9
Throwing       | 1 |  1.2
Stealth        | 2 |  2.9
Maces & Flails | 1 3 |  3.5
Shields        | 3 5 |  5.8
Polearms       | |  0.1
Dodging        | |  2.7

Action                     |  1- 3 |  4- 6 |  7- 9 | 10-12 | 13-15 | 16-18 | 19-21 || total
---------------------------+-------+-------+-------+-------+-------+-------+-------++-------
  Melee: Hand axe          |   102 |    74 |   192 |       |       |    13 |       ||   381
         War axe           |       |       |   136 |   200 |       |       |       ||   336
         Executioner's axe |       |       |       |    20 |   316 |   695 |   212 ||  1243
         Spear             |       |       |       |       |    12 |       |       ||    12
         Punch             |       |       |       |       |     1 |     1 |       ||     2
         Great mace        |       |       |       |       |     3 |    10 |       ||    13
   Fire: Sling             |       |     8 |    14 |    10 |       |       |       ||    32
  Throw: Dart              |       |       |     9 |     1 |     2 |     2 |       ||    14
 Invoke: Smiting           |       |     2 |     4 |       |     1 |       |     1 ||     8
         Convert to Beogh  |       |     1 |       |       |       |       |       ||     1
         Recall Orcish Fol |       |       |       |     9 |    20 |    21 |     3 ||    53
         Give Item to Name |       |       |       |     2 |     1 |     1 |       ||     4
         Stop Recall       |       |       |       |     3 |    17 |    15 |       ||    35
         Resurrection      |       |       |       |       |     2 |       |     1 ||     3
  Evoke: Wand              |       |       |       |       |       |     1 |       ||     1
    Use: Scroll            |       |     4 |     9 |    11 |     4 |    16 |     2 ||    46
         Potion            |       |       |    10 |       |       |     4 |     1 ||    15
   Stab: Distracted        |       |       |       |     6 |     3 |     5 |     2 ||    16
         Confused          |       |       |       |       |     1 |       |       ||     1
         Paralysed         |       |       |       |       |       |     1 |       ||     1
 Armour: Scale mail        |    30 |    21 |       |       |       |       |       ||    51
         Robe              |     2 |       |       |       |       |       |       ||     2
         Chain mail        |       |    14 |   175 |   159 |   158 |    72 |       ||   578
         Plate armour      |       |       |       |       |       |   263 |       ||   263
         Crystal plate arm |       |       |       |       |       |   148 |   140 ||   288
  Dodge: Dodged            |    41 |    34 |   143 |   119 |   261 |   417 |   115 ||  1130
